 Dungeon Crawl Stone Soup version 0.21.1-1-g345015f (webtiles) character file.

53 Mgcat the Insei (level 3, -1/28 HPs)
             Began as a Gnoll Transmuter on Mar 21, 2018.
             Slain by Mgcat's ghost (6 damage)
             ... on level 4 of the Dungeon.
             The game lasted 00:03:08 (557 turns).

Mgcat the Insei (Gnoll Transmuter)                   Turns: 557, Time: 00:03:08

Health: -1/28      AC:  2    Str: 12    XL:     3   Next: 87%
Magic:  3/9        EV: 15    Int: 16    God:
Gold:   31         SH:  0    Dex: 15    Spells: 9/12 levels left

rFire    . . .     SeeInvis .     - Unarmed
rCold    . . .     Gourm    .   (no shield)
rNeg     . . .     Faith    .   b - +0 robe
rPois    .         Spirit   .   (no helmet)
rElec    .         Reflect  .   (no cloak)
rCorr    .         Harm     .   (no gloves)
MR       .....                  (no boots)
Stlth    ++........             (no amulet)
HPRegen  0.09/turn              (no ring)
MPRegen  0.11/turn              (no ring)

@: appendage
A: distributed training, fangs 1, horns 2, strong nose
a: End Transformation


You were on level 4 of the Dungeon.
You were not hungry.
You had grown temporary horns.
You visited 1 branch of the dungeon, and saw 4 of its levels.

You collected 31 gold pieces.

Inventory:

Missiles
 a - 25 arrows
Armour
 b - a +0 robe (worn)
Scrolls
 e - a scroll of immolation {unknown}
Potions
 g - a potion of cancellation {unknown}
 h - a potion of mutation {unknown}
Books
 c - a book of Changes
Comestibles
 d - a ration
 f - 10 chunks of flesh {@w0}


   Skills:
 + Level 2.6 Fighting
 + Level 1.0 Short Blades
 + Level 1.0 Long Blades
 + Level 1.0 Axes
 + Level 1.0 Maces & Flails
 + Level 1.0 Polearms
 + Level 1.0 Staves
 + Level 1.0 Slings
 + Level 1.0 Bows
 + Level 1.0 Crossbows
 + Level 1.0 Throwing
 + Level 1.0 Armour
 + Level 4.6 Dodging
 + Level 1.0 Stealth
 + Level 1.0 Shields
 + Level 6.5 Unarmed Combat
 + Level 5.0 Spellcasting
 + Level 0.7 Conjurations
 + Level 0.7 Hexes
 + Level 0.7 Charms
 + Level 0.7 Summonings
 + Level 0.7 Necromancy
 + Level 0.7 Translocations
 + Level 3.8 Transmutations
 + Level 0.7 Fire Magic
 + Level 0.7 Ice Magic
 + Level 0.7 Air Magic
 + Level 0.7 Earth Magic
 + Level 0.7 Poison Magic
 + Level 1.0 Invocations
 + Level 1.0 Evocations


You had 9 spell levels left.
You knew the following spells:

 Your Spells              Type           Power        Failure   Level  Hunger
a - Beastly Appendage     Tmut           ###...       3%          1    None
b - Sticks to Snakes      Tmut           ###.....     4%          2    #......


Dungeon Overview and Level Annotations

Branches:
Dungeon (4/15)
 Temple: D:4-7

Altars:
The Shining One

Annotations:
D:4 Mgcat's ghost, amateur GnTm


Innate Abilities, Weirdness & Mutations

Your experience applies equally to all skills.
You have very sharp teeth.
Your uncanny sense of smell can sniff out nearby items.
You have a pair of horns on your head.


Message History

You hit the orc.
The orc is severely wounded.
The orc hits you but does no damage.
You punch the orc!
You kill the orc!
A frilled lizard comes into view.
Your talons disappear.
The frilled lizard hisses angrily.
You hit the worm.
The worm is moderately wounded.
The worm bites you.
You hit the worm.
The worm is moderately wounded.
You hit the worm.
The worm is moderately wounded.
The worm barely misses you.
Casting: Beastly Appendage
Confirm with . or Enter, or press ? or * to list all spells.
Your feet morph into talons.
You hit the worm.
The worm is heavily wounded.
The worm bites you but does no damage. The frilled lizard misses you.
You punch the frilled lizard!
You kill the frilled lizard!
You hit the worm. You claw the worm. You bite the worm, but do no damage.
The worm is almost dead.
The worm misses you.
You hit the worm.
You kill the worm!
Your Short Blades skill increases to level 1!
Your Long Blades skill increases to level 1!
Your Axes skill increases to level 1!
Your Maces & Flails skill increases to level 1!
Your Polearms skill increases to level 1!
Your Staves skill increases to level 1!
Your Slings skill increases to level 1!
Your Bows skill increases to level 1!
Your Crossbows skill increases to level 1!
Your Throwing skill increases to level 1!
Your Armour skill increases to level 1!
Your Stealth skill increases to level 1!
Your Shields skill increases to level 1!
Your Evocations skill increases to level 1!
You see here a frilled lizard corpse.
You butcher the frilled lizard corpse.
f - 7 chunks of flesh {@w0} (gained 1)
You see here a worm corpse.
You butcher the worm corpse.
f - 10 chunks of flesh {@w0} (gained 3)
Your transformation is almost over.
Found an escape hatch in the floor.
You now have 31 gold pieces (gained 16).
You enter the shallow water.
Moving in this stuff is going to be slow.
Your talons disappear.
There is a fountain of clear blue water here.
You see here a goblin corpse.
You butcher the goblin corpse.
f - 11 chunks of flesh {@w0} (gained 1)
a - 28 arrows (gained 17)
There is a stone staircase leading down here.
You climb downwards.
There is a stone staircase leading up here.
g - a cyan potion
There is a stone staircase leading up here.
h - a lumpy white potion Mgcat's ghost (amateur Gnoll Transmuter) comes into view.
Mgcat's ghost turns its malevolent gaze towards you.
Casting: Beastly Appendage
Confirm with . or Enter, or press ? or * to list all spells.
You grow a pair of large bovine horns.
Casting: Beastly Appendage
Confirm with . or Enter, or press ? or * to list all spells.
You create a snake!
You now have 27 arrows.
Mgcat's ghost hits you.
Casting: Sticks to Snakes
Confirm with . or Enter, or press ? or * to list all spells.
You create a snake!
You now have 26 arrows.
Mgcat's ghost misses you. Mgcat's ghost hits you!
Your ball python bites Mgcat's ghost.
You hit Mgcat's ghost but do no damage. Your headbutt misses Mgcat's ghost.
You bite Mgcat's ghost, but do no damage.
Mgcat's ghost is lightly damaged.
Mgcat's ghost hits you.
Your ball python misses Mgcat's ghost.
You punch Mgcat's ghost!
Mgcat's ghost is lightly damaged.
Your ball python closely misses Mgcat's ghost.
Mgcat's ghost hits you!
* * * LOW HITPOINT WARNING * * *
Some of the chunks of flesh in your inventory have rotted away.
Your ball python barely misses Mgcat's ghost.
Mgcat's ghost hits your ball python.
Your ball python closely misses Mgcat's ghost.
Your ball python bites Mgcat's ghost.
Mgcat's ghost hits your ball python!
Your ball python dies!
Your ball python misses Mgcat's ghost.
Your ball python bites Mgcat's ghost.
Casting: Sticks to Snakes
Confirm with . or Enter, or press ? or * to list all spells.
You create a snake!
You now have 25 arrows.
Mgcat's ghost closely misses you.
Your ball python bites Mgcat's ghost but does no damage.
Mgcat's ghost hits you.
You die...

.. # #. ..#
#. .. #.
#.#### #.##
#..SS# #..#
#W#####.#####
#.@.........#
###...<.....#
#.........#
#.........# ∆
###########


You could see Mgcat's ghost, a friendly adder and a friendly ball python.

Vanquished Creatures
  An adder (D:2)
  An ooze (D:2)
  A worm (D:3)
  A dart slug (D:1)
  A leopard gecko (D:1)
  2 orcs (D:3)
  A giant cockroach (D:1)
  3 goblins
  2 hobgoblins (D:2)
  4 jackals (D:2)
  2 kobolds
  A quokka (D:2)
  6 bats
  5 frilled lizards
31 creatures vanquished.

Notes
Turn   | Place    | Note
-------+----------+-------------------------------------------
     0 | D:1      | Mgcat the Gnoll Transmuter began the quest for the Orb.
     0 | D:1      | Reached XP level 1. HP: 17/17 MP: 6/6
    61 | D:1      | Reached XP level 2. HP: 16/23 MP: 5/7
   208 | D:2      | Learned a level 2 spell: Sticks to Snakes
   289 | D:2      | Reached skill level 5 in Spellcasting
   289 | D:2      | Reached XP level 3. HP: 24/28 MP: 4/9
   382 | D:2      | Found a glowing golden altar of the Shining One.
   386 | D:2      | Reached skill level 1 in Invocations
   475 | D:3      | Reached skill level 1 in Short Blades
   475 | D:3      | Reached skill level 1 in Long Blades
   475 | D:3      | Reached skill level 1 in Axes
   475 | D:3      | Reached skill level 1 in Maces & Flails
   475 | D:3      | Reached skill level 1 in Polearms
   475 | D:3      | Reached skill level 1 in Staves
   475 | D:3      | Reached skill level 1 in Slings
   475 | D:3      | Reached skill level 1 in Bows
   475 | D:3      | Reached skill level 1 in Crossbows
   475 | D:3      | Reached skill level 1 in Throwing
   475 | D:3      | Reached skill level 1 in Armour
   475 | D:3      | Reached skill level 1 in Stealth
   475 | D:3      | Reached skill level 1 in Shields
   475 | D:3      | Reached skill level 1 in Evocations
   543 | D:4      | Noticed Mgcat's ghost (amateur GnTm)
   552 | D:4      | HP: 4/28 [Mgcat's ghost (8)]
   557 | D:4      | Slain by Mgcat's ghost

Skill      XL: |  1  2  3 |
---------------+----------+-----
Spellcasting   | 5 |  5.0
Invocations    | 1 |  1.0
Short Blades   | 1 |  1.0
Long Blades    | 1 |  1.0
Axes           | 1 |  1.0
Maces & Flails | 1 |  1.0
Polearms       | 1 |  1.0
Staves         | 1 |  1.0
Slings         | 1 |  1.0
Bows           | 1 |  1.0
Crossbows      | 1 |  1.0
Throwing       | 1 |  1.0
Armour         | 1 |  1.0
Stealth        | 1 |  1.0
Shields        | 1 |  1.0
Evocations     | 1 |  1.0
Fighting       | |  2.6
Dodging        | |  4.6
Unarmed Combat | |  6.5
Conjurations   | |  0.7
Hexes          | |  0.7
Charms         | |  0.7
Summonings     | |  0.7
Necromancy     | |  0.7
Translocations | |  0.7
Transmutations | |  3.8
Fire Magic     | |  0.7
Ice Magic      | |  0.7
Air Magic      | |  0.7
Earth Magic    | |  0.7
Poison Magic   | |  0.7

Action                   || total
-------------------------++-------
Melee: Unarmed           ||    69
       Headbutt          ||     6
       Kick              ||     5
       Bite              ||     3
 Cast: Beastly Appendage ||    14
       Sticks to Snakes  ||     4
Armor: Robe              ||     9
Dodge: Dodged            ||    48

Vault maps used:
D:1:      evilmike_arrival_run_for_it
D:2:      overflow_temple_1_default, first_ration, nicolae_underground_beach
D:3:      cheibrodos_helix_gallery, dancing_weapons_uskayaw
D:4:      cheibrodos_ashenzari_chains

Table legend:
 A = Turns spent in this place as a percentage of turns spent in the entire game.
 B = Non-inter-level travel turns spent in this place as a percentage of non-inter-level travel turns spent in the entire game.
 C = Inter-level travel turns spent in this place as a percentage of turns spent in this place.
 D = Turns resting spent in this place as a percentage of non-inter-level travel turns spent in this place.
 E = Turns spent auto-exploring this place as a percentage of non-inter-level travel turns spent in this place.
 F = Non-inter-level travel turns spent in this place divided by the number of levels of this place that you've seen.
                   A       B       C       D       E      F
               +-------+-------+-------+-------+-------+----------------------
         Total | 100.0 | 100.0 |   0.0 |   0.0 |  42.7 | 139.2
       Dungeon | 100.0 | 100.0 |   0.0 |   0.0 |  42.7 | 139.2
               +-------+-------+-------+-------+-------+----------------------

Table legend:
 A = Kills in this place as a percentage of kills in entire the game.
 B = Kills by you in this place as a percentage of kills by you in the entire game.
 C = Kills by friends in this place as a percentage of kills by friends in the entire game.
 D = Other kills in this place as a percentage of other kills in the entire game.
 E = Experience gained in this place as a percentage of experience gained in the entire game.
 F = Experience gained in this place divided by the number of levels of this place that you have seen.
                   A       B       C       D       E      F
               +-------+-------+-------+-------+-------+----------------------
         Total | 100.0 | 100.0 |   N/A |   N/A | 100.0 |  19.0
       Dungeon | 100.0 | 100.0 |   N/A |   N/A | 100.0 |  19.0
               +-------+-------+-------+-------+-------+----------------------
